General information
- name: BNet
- type: Ladder 1vs1/FFA
- host: Battle.net
- saver: Zombie_Hebdo
map: CentaurGrove
- players: 2
- length: 115:04
- speed: Fast
- version: 1.26 W3XP
- replay type: Public
» download(318 KB)
Players
team 1 (loser)

»
tent (
yellow | 57 APM | 6503 actions | 115:02)
6 Far Seer
2 Feral Spirit
3 Chain Lighting
1 Earth Quake
5 Shadow Hunter
3 Healing Wave
2 Hex
5 Tauren Chieftain
3 Endurance Aura
2 War Stomp
» actions
| Assign group hotkey | 135 | |
| Basic commands | 78 | |
| Build / train | 207 | |
| ESC pressed | 17 | |
| Enter build submenu | 78 | |
| Enter hero's abilities submenu | 16 | |
| Give item / drop item | 20 | |
| Remove unit from queue | 8 | |
| Right click | 2342 | |
| Select / deselect | 1330 | |
| Select group hotkey | 1858 | |
| Use ability | 413 | |
6503 total
» units
| Peon | 61 | |
| Wind Rider | 12 | |
| Troll Batrider | 19 | |
| Shaman | 6 | |
| Spirit Walker | 4 | |
| Troll Headhunter/Berserker | 11 | |
| Troll Witch Doctor | 6 | |
| Demolisher | 29 | |
| Raider | 2 | |
| Kodo Beast | 2 | |
| Goblin Zeppelin | 2 | |
154 total
» upgrades
| Shaman Training | 2 | |
| Reinforced Defenses | 1 | |
| Troll Regeneration | 1 | |
| Envenomed Spears | 1 | |
| Witch Doctor Training | 2 | |
| Berserker Upgrade | 1 | |
| Ranged Weapons | 3 | |
| Armor | 3 | |
| Burning Oil | 1 | |
| Liquid Fire | 1 | |
| Ensnare | 1 | |
| War Drums Damage Increase | 1 | |
18 total
» buildings
| Altar of Storms | 3 | |
| Orc Burrow | 20 | |
| Voodoo Lounge | 2 | |
| Stronghold | 2 | |
| War Mill | 3 | |
| Great Hall | 8 | |
| Watch Tower | 26 | |
| Beastiary | 4 | |
| Fortress | 2 | |
| Spirit Lodge | 2 | |
| Barracks | 4 | |
| Tauren Totem | 1 | |
77 total
» build order
00:12 Altar of Storms
00:23 Orc Burrow
00:40 Voodoo Lounge
02:13 Stronghold
02:30 War Mill
02:40 War Mill
03:05 Orc Burrow
04:03 Great Hall
04:06 Watch Tower
04:06 Watch Tower
04:07 Watch Tower
04:38 Beastiary
04:38 Beastiary
04:52 Watch Tower
04:55 Watch Tower
04:55 Watch Tower
06:15 Watch Tower
07:06 Orc Burrow
07:19 Watch Tower
07:36 Fortress
07:56 Spirit Lodge
08:54 Watch Tower
09:57 Orc Burrow
11:28 Orc Burrow
12:56 Barracks
15:11 Great Hall
16:49 Orc Burrow
18:43 Watch Tower
18:44 Watch Tower
18:45 Watch Tower
18:46 Watch Tower
18:47 Watch Tower
19:22 Orc Burrow
20:57 Orc Burrow
23:11 Great Hall
25:23 Watch Tower
25:35 Altar of Storms
28:17 Watch Tower
28:38 Orc Burrow
31:10 Barracks
31:46 War Mill
33:14 Orc Burrow
33:20 Stronghold
33:25 Orc Burrow
33:44 Orc Burrow
34:31 Watch Tower
35:04 Orc Burrow
35:08 Orc Burrow
35:38 Altar of Storms
38:38 Fortress
39:59 Orc Burrow
40:27 Voodoo Lounge
40:53 Orc Burrow
43:39 Orc Burrow
47:40 Great Hall
48:26 Watch Tower
48:27 Watch Tower
54:03 Great Hall
54:07 Great Hall
57:41 Watch Tower
58:50 Watch Tower
60:10 Watch Tower
60:27 Tauren Totem
61:11 Spirit Lodge
62:09 Watch Tower
65:21 Watch Tower
65:21 Watch Tower
65:22 Watch Tower
71:20 Beastiary
71:39 Beastiary
71:57 Great Hall
77:56 Great Hall
89:19 Orc Burrow
90:24 Orc Burrow
90:28 Orc Burrow
94:16 Barracks
94:33 Barracks
» items
| Lesser Clarity Potion | 2 | |
| Healing Salve | 1 | |
| Scroll of Town Portal | 3 | |
| Orb of Lightning | 2 | |
| Boots of Speed | 1 | |
| Scroll of Healing | 1 | |
10 total
team 2 (winner)
Zombie_Hebdo (
orange | 57 APM | 6596 actions | 115:04)
8 Archmage
3 Blizzard
3 Brilliance Aura
1 Mass Teleport
1 Summon Water Elemental
5 Blood Mage
3 Flame Strike
2 Banish
5 Goblin Tinker
1 Pocket Factory
2 Cluster Rockets
2 Engineering Upgrade
» actions
| Assign group hotkey | 94 | |
| Basic commands | 321 | |
| Build / train | 226 | |
| ESC pressed | 6 | |
| Enter build submenu | 107 | |
| Enter hero's abilities submenu | 19 | |
| Give item / drop item | 11 | |
| Right click | 2640 | |
| Select / deselect | 1582 | |
| Select group hotkey | 732 | |
| Use ability | 858 | |
6596 total
» units
| Peasant | 26 | |
| Centaur Outrunner | 1 | |
| Harpy Rogue | 1 | |
| Dragonhawk Rider | 25 | |
| Goblin Shredder | 1 | |
| Gryphon Rider | 3 | |
| Sorceress | 3 | |
| Mortar Team | 5 | |
| Goblin Zeppelin | 2 | |
| Flying Machine | 1 | |
| Priest | 1 | |
69 total
» upgrades
| Backpack | 1 | |
| Masonry | 3 | |
| Cloud | 1 | |
| Swords | 4 | |
| Animal War Training | 1 | |
| Magic Sentry | 1 | |
| Sorceress Training | 2 | |
| Fragmentation Shards | 1 | |
| Gunpowder | 3 | |
| Flak Cannons | 1 | |
| Armor | 2 | |
| Priest Training | 2 | |
22 total
» buildings
| Altar of Kings | 2 | |
| Farm | 19 | |
| Lumber Mill | 3 | |
| Arcane Vault | 2 | |
| Scout Tower | 103 | |
| Arcane Tower | 11 | |
| Guard Tower | 55 | |
| Keep | 2 | |
| Gryphon Aviary | 3 | |
| Town Hall | 4 | |
| Castle | 2 | |
| Barracks | 1 | |
| Blacksmith | 1 | |
| Arcane Sanctum | 2 | |
| Workshop | 1 | |
211 total
» build order
00:06 Altar of Kings
00:26 Farm
00:30 Farm
00:38 Farm
00:55 Lumber Mill
01:06 Arcane Vault
02:06 Scout Tower
02:31 Scout Tower
02:32 Scout Tower
02:41 Arcane Tower
03:00 Farm
03:18 Guard Tower
03:23 Farm
03:47 Keep
06:37 Gryphon Aviary
06:40 Gryphon Aviary
07:50 Scout Tower
08:27 Guard Tower
08:32 Scout Tower
08:33 Scout Tower
08:59 Farm
09:05 Guard Tower
09:07 Scout Tower
09:08 Scout Tower
09:35 Guard Tower
09:37 Guard Tower
09:59 Town Hall
10:31 Guard Tower
11:43 Castle
11:46 Scout Tower
11:47 Scout Tower
11:49 Scout Tower
11:50 Scout Tower
12:44 Scout Tower
12:44 Scout Tower
13:25 Arcane Tower
13:25 Guard Tower
14:19 Guard Tower
14:32 Guard Tower
14:47 Guard Tower
14:47 Guard Tower
14:48 Guard Tower
14:48 Guard Tower
14:49 Arcane Tower
14:52 Scout Tower
14:54 Scout Tower
16:00 Arcane Tower
16:00 Guard Tower
16:24 Barracks
16:36 Arcane Tower
16:42 Arcane Tower
16:42 Guard Tower
19:58 Blacksmith
20:02 Arcane Sanctum
21:18 Scout Tower
21:19 Scout Tower
21:21 Scout Tower
21:54 Scout Tower
22:02 Guard Tower
22:04 Scout Tower
22:05 Scout Tower
22:06 Scout Tower
22:07 Scout Tower
22:08 Scout Tower
22:08 Scout Tower
22:11 Scout Tower
22:12 Scout Tower
22:49 Guard Tower
22:51 Scout Tower
23:04 Guard Tower
23:08 Town Hall
23:59 Workshop
24:13 Guard Tower
24:15 Scout Tower
24:16 Scout Tower
24:55 Arcane Tower
25:01 Scout Tower
25:01 Scout Tower
25:33 Guard Tower
27:32 Guard Tower
28:48 Scout Tower
31:04 Scout Tower
31:05 Scout Tower
31:06 Scout Tower
33:11 Guard Tower
33:12 Scout Tower
33:13 Scout Tower
33:13 Scout Tower
33:19 Scout Tower
33:20 Scout Tower
33:21 Scout Tower
33:22 Scout Tower
33:44 Arcane Tower
33:52 Scout Tower
33:52 Scout Tower
33:53 Scout Tower
34:32 Guard Tower
38:28 Scout Tower
38:29 Scout Tower
38:30 Scout Tower
38:31 Scout Tower
38:33 Scout Tower
38:34 Scout Tower
38:35 Scout Tower
38:39 Scout Tower
38:40 Scout Tower
39:09 Guard Tower
39:13 Scout Tower
39:14 Scout Tower
39:16 Scout Tower
39:31 Guard Tower
39:44 Scout Tower
39:45 Guard Tower
39:46 Scout Tower
39:47 Scout Tower
39:51 Guard Tower
39:55 Guard Tower
39:56 Scout Tower
39:57 Scout Tower
39:58 Scout Tower
40:11 Guard Tower
40:13 Scout Tower
40:16 Scout Tower
40:17 Guard Tower
40:21 Scout Tower
40:22 Scout Tower
40:29 Guard Tower
40:30 Guard Tower
40:32 Scout Tower
40:43 Guard Tower
40:45 Scout Tower
40:46 Guard Tower
40:50 Scout Tower
40:57 Guard Tower
41:34 Guard Tower
41:39 Town Hall
42:20 Scout Tower
42:20 Scout Tower
42:26 Town Hall
42:31 Scout Tower
42:31 Scout Tower
42:35 Scout Tower
42:36 Scout Tower
42:59 Guard Tower
43:01 Scout Tower
43:03 Scout Tower
43:21 Arcane Tower
43:21 Guard Tower
43:23 Scout Tower
43:35 Guard Tower
43:36 Guard Tower
43:38 Scout Tower
43:39 Scout Tower
43:39 Scout Tower
43:42 Arcane Tower
43:42 Arcane Tower
43:45 Scout Tower
43:48 Scout Tower
43:49 Scout Tower
44:41 Guard Tower
44:50 Guard Tower
44:54 Keep
45:29 Guard Tower
45:59 Arcane Vault
47:42 Altar of Kings
49:00 Castle
54:32 Lumber Mill
59:07 Farm
59:08 Farm
59:33 Farm
59:34 Farm
59:38 Farm
59:38 Farm
61:31 Farm
61:32 Farm
61:33 Farm
61:34 Farm
62:47 Gryphon Aviary
65:26 Arcane Sanctum
66:37 Scout Tower
66:39 Scout Tower
66:40 Scout Tower
67:48 Guard Tower
67:52 Farm
67:53 Farm
67:58 Scout Tower
68:00 Guard Tower
68:04 Scout Tower
68:04 Scout Tower
68:05 Scout Tower
69:08 Guard Tower
70:21 Guard Tower
80:37 Scout Tower
80:39 Scout Tower
81:09 Guard Tower
82:04 Guard Tower
82:06 Scout Tower
82:07 Scout Tower
82:07 Scout Tower
82:38 Guard Tower
83:31 Guard Tower
100:44 Farm
102:14 Lumber Mill
110:32 Scout Tower
111:16 Guard Tower
111:18 Scout Tower
111:21 Scout Tower
111:22 Scout Tower
111:54 Guard Tower
112:38 Guard Tower
» items
| Lesser Clarity Potion | 4 | |
| Scroll of Regeneration | 6 | |
| Boots of Speed | 3 | |
| Staff of Teleportation | 3 | |
| Potion of Healing | 7 | |
| Ivory Tower | 3 | |
| Scroll of Town Portal | 5 | |
| Staff of Sanctuary | 3 | |
| Orb of Fire | 1 | |
| Potion of Invisibility | 1 | |
| Potion of Lesser Invulnerability | 2 | |
| Tome of Retraining | 1 | |
| Periapt of Vitality | 1 | |
| Mechanical Critter | 3 | |
43 total
Chat log
(37:43 / All) tent: THIS IS FUN
(63:53 / All) tent: haha cool
(90:40 / All) tent: well this is a puzzle
(114:53 / All) tent: ok i give
(114:56 / All) tent: this is just too much
(114:58 / All) tent: gg dude